AoeStats
← Jordan Belfort

Four Lakes

509951169Analyzed
1v1 RM · 4d ago on Sep 28, 2026· 42m 24s· 2 players
Game mode
Random Map
Map size
Tiny (2 player)
Population
200
Speed
Normal
Resources
Standard
Victory
Conquest
Starting age
Dark Age
Ending age
Imperial Age
RankedLock teamsTeams togetherTeam positionsShared explorationLock speedFull tech treeHidden civsTurbo modeCheats
Victory
Defeat
🇩🇪 Burgundians · Germany
1281
+16
🇲🇽 Byzantines · Mexico
1289
-16
Jordan Belfort
6:40 Loom
10:41 Feudal Age
9:47 Double-Bit Axe
11:06 Fishing Lines
11:57 Bow Saw
14:49 Town Watch
17:45 Scale Barding Armor
21:06 Castle Age
19:49 Gillnets
19:57 Gold Mining
20:42 Fletching
22:11 Bodkin Arrow
23:44 Gold Shaft Mining
23:32 Loom
24:37 Padded Archer Armor
25:03 Husbandry
25:40 Ballistics
26:18 Wheelbarrow
26:47 Cavalier
26:57 Cavalier
31:35 Chain Barding Armor
33:44 Forging
44:46 Imperial Age
ChavezTRC
0:32 Loom
10:42 Feudal Age
11:18 Double-Bit Axe
19:17 Castle Age
19:24 Forging
19:05 Fletching
19:41 Fishing Lines
21:03 Medium Warships
23:50 Bodkin Arrow
25:54 Padded Archer Armor
25:47 Crossbowman
30:32 Ballistics
30:29 Leather Archer Armor
35:24 Scale Barding Armor
36:55 Husbandry
38:05 Gold Mining
38:55 Bow Saw
Connection lost

Rejoining the realm…

Still unreachable

The connection could not be restored.

Session expired

The server has moved on; the page needs a fresh start.